 Dungeon Crawl Stone Soup version 0.22.1-5-g62c59d919a (webtiles) character file.

388 NochnoyZador the Skirmisher (level 6, 0/46 HPs)
             Began as an Octopode Monk on Jan 12, 2019.
             Killed from afar by an orc wizard (6 damage)
             ... with a magic dart
             ... on level 5 of the Dungeon.
             The game lasted 00:16:14 (3939 turns).

NochnoyZador the Skirmisher (Octopode Monk)         Turns: 3939, Time: 00:16:15

Health: 0/46       AC:  1    Str: 12    XL:     6   Next: 79%
Magic:  6/6        EV: 15    Int: 12    God:
Gold:   243        SH:  0    Dex: 15    Spells: 5/5 levels left

rFire    . . .     SeeInvis .     - Unarmed
rCold    . . .     Gourm    .   (no shield)
rNeg     . . .     Faith    .   (helmet restricted)
rPois    .         Spirit   .   (no amulet)
rElec    .         Reflect  .   (no ring)
rCorr    .         Harm     .   (no ring)
MR       .....                  (no ring)
Stlth    ++++......             (no ring)
HPRegen  0.15/turn              (no ring)
MPRegen  0.10/turn              (no ring)
                                (no ring)
                                (no ring)

@: no status effects
A: almost no armour, stealthy swim, amphibious, 8 rings, constrict 8, camouflage
1, gelatinous body 1
a: no special abilities


You were on level 5 of the Dungeon.
You were hungry.

You visited 1 branch of the dungeon, and saw 5 of its levels.

You collected 243 gold pieces.

Inventory:

Hand Weapons
 r - a +0 blowgun
 s - a +0 short sword
 w - the +6 dagger of the Past {pierce, -Tele rC- MP+9 Str+5, unknown}
   (You found it on level 4 of the Dungeon)

   It inflicts extra damage upon your enemies.
   It affects your strength (+5).
   It makes you vulnerable to cold.
   It affects your magic capacity (+9).
   It prevents most forms of teleportation.
Missiles
 h - 76 stones (quivered)
 o - 4 large rocks
 t - 27 poisoned needles
Scrolls
 b - 3 scrolls of amnesia
 d - a scroll of enchant weapon
 f - a scroll of enchant armour
 g - 2 scrolls of blinking
 i - 4 scrolls of remove curse
 l - 5 scrolls of identify
 m - 3 scrolls of magic mapping
 x - a scroll of teleportation {unknown}
 y - a scroll of immolation {unknown}
Potions
 c - a potion of magic {unknown}
 e - 5 potions of curing
 j - a potion of cancellation {unknown}
 k - a potion of ambrosia {unknown}
 n - a potion of brilliance {unknown}
 p - a potion of resistance {unknown}
 q - a potion of degeneration {unknown}
 u - a potion of flight {unknown}
 z - a potion of lignification {unknown}
Comestibles
 a - 8 rations
 v - 4 chunks of flesh


   Skills:
 * Level 5.9 Fighting
 * Level 3.5 Dodging
 * Level 4.5 Stealth
 * Level 4.2 Unarmed Combat


You had 5 spell levels left.
You didn't know any spells.
Your spell library was empty.

Dungeon Overview and Level Annotations

Branches:
Dungeon (5/15)
 Temple: D:4-7

Altars:
Elyvilon
Hepliaklqana
Makhleb
Okawaru
Trog
Uskayaw
Xom

Shops:
D:4 [


Innate Abilities, Weirdness & Mutations

You cannot wear most types of armour.
You are very stealthy in the water. (Stealth+)
You are amphibious.
You can wear up to eight rings at the same time.
You can use your tentacles to constrict eight enemies at once.
Your skin changes colour to match your surroundings (Stealth+).
Your rubbery body absorbs attacks. (AC +1, EV +1)


Message History

The orc wizard completely misses you.
You tentacle-slap the orc wizard. You grab the orc wizard.
The orc wizard is heavily wounded.
You constrict the orc wizard, but do no damage.
The orc wizard hits you with a dagger.
The orc priest invokes the aid of Beogh against you.
Beogh smites you!
You are too injured to fight recklessly!
You are too injured to fight recklessly!
You are too injured to fight recklessly!
You release your grip on the orc wizard.
The orc priest invokes the aid of Beogh against you.
Beogh smites you!
* * * LOW HITPOINT WARNING * * *
The orc wizard closely misses you.
The orc wizard casts a spell.
The orc wizard seems to speed up.
The orc wizard casts a spell at you. The magic dart hits you!
You die...

#....#..................#
#....'.....###)##########
######..<..# #..# #.....#
##.##########
#.....####...........
##..........########+
##########.# #.# #@# #.#
#o# #.# #.# #.# #.#
#o########+###
#.....†oo.....


You could see an orc priest and an orc wizard.

Vanquished Creatures
  An ogre (D:4)
  A bullfrog (D:3)
  A crimson imp (D:4)
  An iguana (D:4)
  6 adders
  A shadow imp (D:5)
  An ooze (D:3)
  2 adder skeletons
  2 worms
  2 dart slugs (D:1)
  3 leopard geckos
  13 orcs
  2 giant cockroaches
  10 goblins
  6 hobgoblins
  3 jackals (D:5)
  12 kobolds
  4 quokkas
  A ball python (D:2)
  6 bats
  6 frilled lizards
  8 rats
92 creatures vanquished.

Vanquished Creatures (others)
  A water moccasin skeleton (D:5)
  A worker ant (D:5)
2 creatures vanquished.

Grand Total: 94 creatures vanquished

Notes
Turn   | Place    | Note
-------+----------+-------------------------------------------
     0 | D:1      | NochnoyZador the Octopode Monk began the quest for the Orb.
     0 | D:1      | Reached XP level 1. HP: 16/16 MP: 1/1
    76 | D:1      | Reached XP level 2. HP: 7/21 MP: 2/2
   685 | D:1      | Reached skill level 4 in Fighting
   724 | D:1      | Reached XP level 3. HP: 26/27 MP: 3/3
  1589 | D:2      | Reached XP level 4. HP: 29/34 MP: 4/4
  1631 | D:2      | Reached skill level 5 in Fighting
  1822 | D:3      | Found a hazy altar of Hepliaklqana.
  2239 | D:3      | Reached XP level 5. HP: 38/39 MP: 5/5
  2728 | D:4      | Got a scorched dagger
  2901 | D:4      | Found a shimmering altar of Xom.
  2902 | D:4      | Found a burning altar of Makhleb.
  2909 | D:4      | Reached XP level 6. HP: 38/46 MP: 6/6
  3044 | D:4      | Found a bloodstained altar of Trog.
  3045 | D:4      | Found a hide-covered altar of Uskayaw.
  3113 | D:4      | Found an iron altar of Okawaru.
  3193 | D:4      | Found Bivoger's Armour Emporium.
  3233 | D:4      | Found a white marble altar of Elyvilon.
  3823 | D:5      | Entered Level 5 of the Dungeon
  3939 | D:5      | Killed from afar by an orc wizard

Skill      XL: |  1  2  3  4  5  6 |
---------------+-------------------+-----
Fighting       | 4 5 |  5.9
Stealth        | 3 4 |  4.5
Unarmed Combat | 4 |  4.2
Dodging        | |  3.5

Action                   |  1- 3 |  4- 6 || total
-------------------------+-------+-------++-------
Melee: Unarmed           |    75 |   151 ||   226
       Tentacles         |    13 |    31 ||    44
       Constrict         |    21 |    39 ||    60
       Punch             |     1 |     5 ||     6
  Use: Scroll            |       |     7 ||     7
 Stab: Sleeping          |    11 |    10 ||    21
       Distracted        |       |     1 ||     1
  Eat: Chunk             |     2 |     7 ||     9
Armor: Skin              |     2 |     7 ||     9
Dodge: Dodged            |    39 |   106 ||   145
